 Dungeon Crawl Stone Soup version 0.26.1-11-gd32895ea62 (webtiles) character file.

Game seed: 6369658869277442399

49 Zeld the Twirler (level 3, -14/24 HPs)
             Began as an Octopode Gladiator on May 20, 2021.
             Engulfed by a cloud of flame (30 damage)
             ... on level 2 of the Dungeon.
             The game lasted 00:01:55 (968 turns).

Zeld the Twirler (Octopode Gladiator)                Turns: 968, Time: 00:01:55

Health: -14/24     AC:  1    Str: 13    XL:     3   Next: 75%
Magic:  3/3        EV: 14    Int: 10    God:
Gold:   42         SH:  0    Dex: 14    Spells: 2/2 levels left

rFire    . . .     SeeInvis .   a - +0 quarterstaff
rCold    . . .     Faith    .   (shield currently unavailable)
rNeg     . . .     Spirit   .   b - +0 hat
rPois    .         Reflect  .   (no amulet)
rElec    .         Harm     .   (no ring)
rCorr    .         Rampage  .   (no ring)
Will     .....                  (no ring)
Stlth    ++........             (no ring)
HPRegen  0.08/turn              (no ring)
MPRegen  0.08/turn              (no ring)
                                (no ring)
                                (no ring)

@: no status effects
A: almost no armour, stealthy swim, amphibious, 8 rings, constrict 8, camouflage
1, gelatinous body 1
a: no special abilities


You were on level 2 of the Dungeon.
You visited 1 branch of the dungeon, and saw 2 of its levels.

You collected 42 gold pieces.

Inventory:

Hand Weapons
 a - a +0 quarterstaff (weapon)
Missiles
 c - 3 throwing nets (quivered)
Armour
 b - a +0 hat (worn)
Scrolls
 e - 2 scrolls of remove curse {unknown}
 f - 3 scrolls of teleportation {unknown}
 g - a scroll of noise {unknown}
 h - a scroll of fear {unknown}
Potions
 d - a potion of invisibility {unknown}
 i - a potion of ambrosia {unknown}


   Skills:
 - Level 2.0 Fighting
 * Level 3.8 Staves
 * Level 3.1 Throwing
 - Level 3.0 Dodging


You had 2 spell levels left.
You didn't know any spells.
Your spell library was empty.

Dungeon Overview and Level Annotations

Branches:
Dungeon (2/15)

Altars:
Vehumet


Innate Abilities, Weirdness & Mutations

You cannot wear most types of armour.
You are very stealthy in the water. (Stealth+)
You are amphibious.
You can wear up to eight rings at the same time.
You can use your tentacles to constrict eight enemies at once.
Your skin changes colour to match your surroundings (Stealth+).
Your rubbery body absorbs attacks. (AC +1, EV +1)


Message History

Press: ? - help, v - describe, . - travel The floor.
A giant cockroach is nearby!
A giant cockroach is nearby!
A giant cockroach is nearby!
Really walk into a travel-excluded area? [Y]es or [N]o only, please.
Really walk into a travel-excluded area?
The giant cockroach misses you.
You hit the giant cockroach. You grab the giant cockroach.
The giant cockroach is moderately wounded.
You constrict the giant cockroach.
The giant cockroach bites you but does no damage.
You hit the giant cockroach but do no damage.
You squeeze the giant cockroach.
You kill the giant cockroach!
No target in view!
You are engulfed in blazing flames.
Ouch! That really hurt!
You die...

# ..# #.# #####.# #.#
##.....# #.# #...§..#
#.# #.#####.@.§..# #.#
.........§...# #.#
.####.§..☼..#######.###
#....☼..#.......†..#
#..###.....#####.#.#
#.......†...# #.#.#
#.####......# #.#.#
.............# #.#.#
#############.# #.#.#


There were no monsters in sight!

Vanquished Creatures
  An adder (D:2)
  An ooze (D:1)
  A dart slug (D:2)
  A leopard gecko (D:1)
  6 bats (D:1)
  A giant cockroach (D:2)
  7 goblins (D:1)
  2 hobgoblins (D:1)
  3 jackals (D:1)
  3 kobolds (D:1)
  3 frilled lizards (D:1)
  A rat (D:1)
30 creatures vanquished.

Notes
Turn   | Place    | Note
-------+----------+-------------------------------------------
     0 | D:1      | Zeld the Octopode Gladiator began the quest for the Orb.
     0 | D:1      | Reached XP level 1. HP: 14/14 MP: 1/1
   146 | D:1      | Reached XP level 2. HP: 13/19 MP: 2/2
   607 | D:1      | Reached XP level 3. HP: 24/24 MP: 3/3
   929 | D:2      | Found a radiant altar of Vehumet.
   968 | D:2      | Engulfed by a cloud of flame

Illustrated notes

Levels and vault maps discovered:
D:1:      dpeg_arrival_chambers_temple_mockup, layout_rooms,
          chequers_serial_rivers_room_b
D:2:      layout_loops_ring, nicolae_overflow_hidden_temple, fiery_altar_vehumet

Skill      XL: |  1  2  3 |
---------------+----------+-----
Throwing       | 3 |  3.1
Fighting       | |  2.0
Staves         | |  3.8
Dodging        | |  3.0

Action                   || total
-------------------------++-------
Melee: Quarterstaff      ||    56
       Constrict         ||    14
       Tentacles         ||     8
 Stab: Sleeping          ||     3
Armor: Skin              ||     6
Dodge: Dodged            ||    25
